 Dungeon Crawl Stone Soup version 0.25.1-8-g42b30a86e7 (webtiles) character file.

Game seed: 17065138126188191894

1292 KamiKatze the Slasher (level 8, -11/54 HPs)
             Began as a Halfling Berserker on Dec 4, 2020.
             Was an Elder of Trog.
             Mangled by an orc warrior
             ... wielding a +0 scimitar
              (20 damage)
             ... on level 6 of the Dungeon.
             The game lasted 00:28:45 (6033 turns).

KamiKatze the Slasher (Halfling Berserker)          Turns: 6033, Time: 00:28:46

Health: -11/54     AC:  9    Str: 20    XL:     8   Next: 86%
Magic:  8/8        EV: 16    Int:  5    God:    Trog [****..]
Gold:   362        SH:  0    Dex: 14    Spells: 7/7 levels left

rFire    . . .     SeeInvis .   a - +1 falchion
rCold    + . .     Gourm    .   (shield restricted)
rNeg     . . .     Faith    .   b - +0 ring mail
rPois    .         Spirit   .   i - +0 helmet
rElec    .         Reflect  .   (no cloak)
rCorr    .         Harm     .   g - +1 pair of gloves
MR       +++..                  (no boots)
Stlth    +.........             (no amulet)
HPRegen  1.18/turn              o - ring of protection from magic
MPRegen  0.11/turn              r - ring of protection from cold

@: regenerating
A: small, mutation resistance 1
a: Berserk, Trog's Hand, Brothers in Arms, Renounce Religion


You were on level 6 of the Dungeon.
You worshipped Trog.
Trog was greatly pleased with you.
You were near starving.

You visited 2 branches of the dungeon, and saw 7 of its levels.
You also visited: Ossuary.

You collected 362 gold pieces.

Inventory:

Hand Weapons
 a - a +1 falchion (weapon)
 n - a +0 hand axe
Missiles
 f - 192 stones
 j - 46 poisoned darts (quivered)
 s - 35 sling bullets
 A - 12 boomerangs
Armour
 b - a +0 ring mail (worn)
 g - a +1 pair of gloves (worn)
 i - a +0 helmet (worn)
 z - a +0 chain mail
Jewellery
 o - a ring of protection from magic (left hand)
 r - a ring of protection from cold (right hand)
 E - an uncursed ring of ice
 F - an uncursed ring of protection from cold
Wands
 t - a wand of digging (8)
 v - a wand of paralysis (9)
Scrolls
 e - a scroll of immolation
 m - 6 scrolls of remove curse
 y - 3 scrolls of blinking
 B - a scroll of fear
 C - a scroll of teleportation
 H - a scroll of enchant weapon
Potions
 d - 2 potions of might
 h - 4 potions of cancellation
 k - 2 potions of magic {unknown}
 l - 2 potions of stabbing
 p - 5 potions of curing
 q - 2 potions of flight
 u - a potion of degeneration {unknown}
 w - 2 potions of heal wounds
 x - 5 potions of mutation
 D - 3 potions of haste
Comestibles
 c - 5 rations


   Skills:
 + Level 4.4 Fighting
 * Level 7.7 Long Blades
 - Level 2.0 Throwing
 + Level 4.7 Armour
 + Level 4.8 Dodging


You had 7 spell levels left.
You didn't know any spells.
Your spell library was empty.

Dungeon Overview and Level Annotations

Branches:
Dungeon (6/15)             Temple (1/1) D:4         Ossuary (visited)

Altars:
Ashenzari
Cheibriados
Dithmenos
Elyvilon
Fedhas
Gozag
Hepliaklqana
Kikubaaqudgha
Makhleb
Okawaru
Qazlal
Ru
Sif Muna
Trog
Vehumet
Wu Jian
Xom
Yredelemnul
The Shining One

Shops:
D:5 (   D:6 :

Annotations:
D:6 Prince Ribbit


Innate Abilities, Weirdness & Mutations

You are small and have problems with some larger weapons.
You are somewhat resistant to further mutation.


Message History

The orc warrior hits you with a +0 scimitar.
* * * LOW HITPOINT WARNING * * *
The orc barely misses you.
You closely miss the orc.
The orc is heavily wounded.
The orc warrior hits you with a +0 scimitar!
* * * LOW HITPOINT WARNING * * *
The orc hits you but does no damage.
Your skin crawls.
You feel resistant to hostile enchantments.
You are near starving!
The orc warrior hits you with a +0 scimitar!
* * * LOW HITPOINT WARNING * * *
The orc hits you but does no damage.
You see here a jackal corpse.
You butcher the jackal corpse.
The orc completely misses you.
You riposte.
You hit the orc but do no damage.
The orc is heavily wounded.
The orc warrior hits you with a +0 scimitar!!
You die...

#...+.......+ ..
##.###.......##....
#..................
#.........#+##.#...
#........<.........
#..................
#..................
#..................
#.@oZ......>.......
#..o.........).....
####......#+#....##
#..#..8.#......+
..###....##....# .o
#..8..#....# ..
+.....#..รท.##
#..8......... #
...##......


You could see an orc warrior, an orc and an adder skeleton.

Vanquished Creatures
  Sigmund (D:6)
  12 scorpions
  A howler monkey (D:5)
  A bullfrog zombie (D:5)
  An orc wizard (D:6)
  A centaur skeleton (D:5)
  A hound (D:4)
  A bullfrog skeleton (D:6)
  2 iguanas
  3 worker ants (D:4)
  2 big kobold zombies (Ossuary)
  A howler monkey zombie (D:6)
  3 mummies (Ossuary)
  4 scorpion zombies (Ossuary)
  7 adders
  An ooze (D:6)
  3 worms
  12 dart slugs
  6 leopard geckos
  3 orcs
  A ball python (D:3)
  7 bats
  3 giant cockroaches
  2 gnoll zombies (Ossuary)
  4 goblins
  7 hobgoblins
  11 jackals
  3 quokkas
  A frilled lizard (D:2)
  4 goblin zombies
  A jackal zombie (D:6)
  10 kobolds
  2 kobold zombies (Ossuary)
  3 orc zombies (Ossuary)
  6 rats
  A rat zombie (D:4)
132 creatures vanquished.

Notes
Turn   | Place    | Note
-------+----------+-------------------------------------------
     0 | D:1      | KamiKatze the Halfling Berserker began the quest for the
                  | Orb.
     0 | D:1      | Reached XP level 1. HP: 15/15 MP: 1/1
    80 | D:1      | Reached XP level 2. HP: 20/20 MP: 2/2
   498 | D:1      | Reached XP level 3. HP: 25/25 MP: 3/3
   593 | D:1      | Reached ** piety under Trog
   920 | D:2      | Found a shimmering altar of Xom.
   921 | D:2      | Found a shimmering altar of Xom.
   923 | D:2      | Found a shimmering altar of Xom.
   924 | D:2      | Found a shimmering altar of Xom.
  1245 | D:2      | Reached XP level 4. HP: 31/31 MP: 4/4
  1532 | D:2      | Reached skill level 4 in Long Blades
  1883 | D:3      | Found a bloodstained altar of Trog.
  2012 | D:3      | Found a radiant altar of Vehumet.
  2153 | D:3      | Reached XP level 5. HP: 36/36 MP: 5/5
  2155 | D:3      | Reached *** piety under Trog
  2553 | D:3      | Found a faded altar of an unknown god.
  2777 | D:4      | Found a sand-covered staircase.
  2784 | Ossuary  | Entered an ossuary
  2808 | Ossuary  | Reached skill level 5 in Long Blades
  2957 | Ossuary  | Reached XP level 6. HP: 42/42 MP: 6/6
  3052 | Ossuary  | Reached skill level 6 in Long Blades
  3378 | Ossuary  | Reached skill level 1 in Throwing
  3378 | Ossuary  | Reached XP level 7. HP: 26/46 MP: 7/7
  4190 | D:4      | Reached XP level 8. HP: 40/54 MP: 8/8
  4205 | D:4      | Found an ornate altar of the Wu Jian Council.
  4224 | D:4      | You fall into a shaft and drop 2 floors!
  4253 | D:6      | Found Haiwuchunick's Book Shop.
  4319 | D:6      | Noticed Sigmund
  4369 | D:6      | Killed Sigmund
  4369 | D:6      | Reached skill level 7 in Long Blades
  4565 | D:6      | Found a burning altar of Makhleb.
  4570 | D:6      | Noticed Prince Ribbit
  4687 | D:6      | Found an iron altar of Okawaru.
  4690 | D:5      | Entered Level 5 of the Dungeon
  4731 | D:5      | Reached **** piety under Trog
  4815 | D:5      | Found Wuoxt's Antique Weapon Shoppe.
  5022 | D:4      | Found a staircase to the Ecumenical Temple.
  5034 | Temple   | Entered the Ecumenical Temple
  5961 | D:6      | Found a white marble altar of Elyvilon.
  5961 | D:6      | Found a blossoming altar of Fedhas.
  5963 | D:6      | Found a stormy altar of Qazlal.
  5963 | D:6      | Found a shadowy altar of Dithmenos.
  6033 | D:6      | Mangled by an orc warrior

Illustrated notes

Levels and vault maps discovered:
D:1:      minmay_arrival_four_circles, layout_basic
D:2:      layout_loops_corners, xom_redecorated, st_stairs_8
D:3:      layout_basic, marbit_many_paths, nicolae_overflow_crystal_walls,
          chequers_ecumenical_altar_twisty
D:4:      wad_river_or_something, layout_basic, kennysheep_little_box,
          enter_ossuary_4
D:5:      kennysheep_slugbush, layout_basic, first_ration, serial_shops,
          nicolae_shop_crystal
D:6:      black_bear_nest_1, layout_basic, grunt_temple_overflow_open,
          zin_statuary, serial_shops, nicolae_shop_waterfront, basic_altar,
          uniq_prince_ribbit1, uniq_sigmund
Temple:   dpeg_three_leaves_temple

Skill      XL: |  1  2  3  4  5  6  7  8 |
---------------+-------------------------+-----
Fighting       | 3 4 |  4.4
Long Blades    | 4 5 6 7 |  7.7
Dodging        | 3 4 |  4.8
Armour         | 3 4 |  4.7
Throwing       | 1 2 |  2.0

Action                   |  1- 3 |  4- 6 |  7- 9 || total
-------------------------+-------+-------+-------++-------
Melee: Falchion          |   109 |   200 |   282 ||   591
Throw: Dart              |     3 |       |     3 ||     6
Invok: Berserk           |       |     4 |     2 ||     6
       Trog's Hand       |       |       |     2 ||     2
  Use: Scroll            |       |     6 |    10 ||    16
       Potion            |       |       |     2 ||     2
  Eat: Chunk             |     1 |     4 |     6 ||    11
       Ration            |       |     2 |     1 ||     3
Armor: Animal skin       |     2 |       |       ||     2
       Ring mail         |    27 |    48 |    58 ||   133
       Skin              |       |       |     3 ||     3
Dodge: Dodged            |   100 |   154 |   179 ||   433
       Rpst.: Falchion   |    24 |    47 |    60 ||   131
